 Dungeon Crawl Stone Soup version 0.27-a0-1548-gf8a67e7463 (webtiles) character file.

Game seed: 10553523249730228220

464 elagabalus the Cudgeller (level 7, -2/43 HPs)
             Began as a Gargoyle Fighter on July 13, 2021.
             Slain by an orc (3 damage)
             ... on level 4 of the Dungeon.
             The game lasted 00:27:22 (2230 turns).

elagabalus the Cudgeller (Gargoyle Fighter)         Turns: 2230, Time: 00:27:24

Health: -2/43      AC: 18    Str: 21    XL:     7   Next: 7%
Magic:  7/7        EV:  5    Int:  8    God:
Gold:   209        SH:  9    Dex: 10    Spells: 6/6 levels left

rFire    . . .     SeeInvis .   f - +0 whip
rCold    . . .     Faith    .   c - +0 kite shield
rNeg     + . .     Spirit   .   n - +0 chain mail
rPois    ∞         Reflect  .   j - +2 helmet
rElec    +         Harm     .   h - +0 cloak
rCorr    .         Rampage  .   (no gloves)
Will     .....                  (no boots)
Stlth    ..........             (no amulet)
HPRegen  0.14/turn              (no ring)
MPRegen  0.10/turn              (no ring)

@: no status effects
A: sickness immunity, AC +4, negative energy resistance 1, electricity
resistance, torment resistance 1, petrification resistance
a: no special abilities


You were on level 4 of the Dungeon.
You visited 1 branch of the dungeon, and saw 4 of its levels.

You collected 209 gold pieces.

Inventory:

Hand Weapons
 f - a +0 whip (weapon)
Missiles
 g - 132 stones (quivered)
Armour
 c - a +0 kite shield (worn)
 h - a +0 cloak (worn)
 j - a +2 helmet (worn)
 n - a +0 chain mail (worn)
Magical Staves
 a - a staff of earth
Jewellery
 q - an amulet of faith
Scrolls
 b - a scroll of vulnerability {unknown}
 l - a scroll of acquirement {unknown}
 m - a scroll of torment {unknown}
 p - a scroll of enchant weapon {unknown}
Potions
 e - 2 potions of curing
 i - a potion of flight {unknown}
 k - a potion of resistance {unknown}
 o - a potion of invisibility
 r - a potion of heal wounds {unknown}
 s - a potion of haste {unknown}
 t - a potion of berserk rage {unknown}


   Skills:
 - Level 4.0 Fighting
 * Level 6.4 Maces & Flails
 - Level 4.0 Armour
 - Level 4.0 Shields


You had 6 spell levels left.
You didn't know any spells.
Your spell library contained the following spells:

 Spells                   Type           Power      Damage    Failure   Level
 Blink                    Tloc           N/A        N/A       100%        2
 Manifold Assault         Tloc           0%         N/A       100%        5
 Storm Form               Tmut/Air       0%         N/A       100%        7


Dungeon Overview and Level Annotations

Branches:
Dungeon (4/15)             Temple (0/1) D:4

Altars:
Uskayaw
The Shining One


Innate Abilities, Weirdness & Mutations

You are immune to sickness and miasma.
Your stone body is resilient. (AC +4)
You are immune to poison.
You resist negative energy. (rN+)
You are resistant to electric shocks. (rElec)
You are resistant to unholy torment.
You are immune to petrification.


Message History

You block the orc's attack. The orc barely misses you.
You block the orc's attack.
You barely miss the orc. The gnoll hits you but does no damage.
The gnoll shaman calls upon its god to speed up the gnoll.
The gnoll seems to speed up.
You block the orc's attack. The orc hits you but does no damage.
The gnoll hits you but does no damage. You block the orc's attack.
You hit the orc.
The orc is lightly wounded.
The gnoll hits you but does no damage. You block the orc's attack.
You block the gnoll shaman's attack. The orc hits you but does no damage.
The gnoll hits you but does no damage. The orc hits you with a +0 short sword.
* * * LOW HITPOINT WARNING * * *
The gnoll barely misses you.
You barely miss the orc.
The orc is lightly wounded.
You block the gnoll's attack. The orc hits you but does no damage.
You block the gnoll shaman's attack. The orc hits you but does no damage.
The gnoll hits you but does no damage. The orc hits you with a +0 short sword.
* * * LOW HITPOINT WARNING * * *
The gnoll hits you but does no damage. You block the orc's attack.
You hit the orc.
The orc is almost dead.
The gnoll barely misses you. The orc hits you but does no damage.
The gnoll shaman hits you but does no damage.
The orc hits you but does no damage. The gnoll hits you but does no damage.
The orc hits you but does no damage. You block the gnoll's attack.
You block the orc's attack.
You hit the orc.
You kill the orc!
The gnoll barely misses you. You block the orc's attack.
You block the gnoll shaman's attack. The orc hits you but does no damage.
The gnoll barely misses you.
You hit the gnoll.
The gnoll is lightly wounded.
You block the gnoll's attack. The orc hits you but does no damage.
The gnoll hits you with a +0 flail.
* * * LOW HITPOINT WARNING * * *
The orc hits you with a +0 club.
You die...

,,,,,,,,,,,,,.............###..##
,,,,,,,,***,**#..#..............#
,**,,,,,*,,,,,#.<#...............
,**,*,*,*,***,#................##
,,,**,,,*,,,,,#.#..##.....####.#
,,,,,,,,*,***,#............# ###
****,,*,*,,,,,#............#
**,,,*##.###oog..#......##
**,,,......g@g..#.......#
****#####.o.g..##...#.##
#......###..#### ##...### ####
#####


You could see a gnoll shaman, 3 gnolls and 3 orcs.

Vanquished Creatures
  The ghost of Atlas the Magician, an amateur DjAE (D:4)
  An orc priest (D:3)
  A centaur skeleton (D:3)
  2 hound skeletons (D:4)
  Robin (D:2)
  7 adders
  2 gnolls (D:4)
  An adder skeleton (D:4)
  2 worms (D:2)
  A dart slug (D:4)
  10 orcs
  6 bats
  8 endoplasms
  4 giant cockroaches
  10 goblins
  7 hobgoblins
  7 jackals
  4 quokkas
  11 ball pythons
  A frilled lizard (D:1)
  10 kobolds
  9 rats
106 creatures vanquished.

Notes
Turn   | Place    | Note
-------+----------+-------------------------------------------
     0 | D:1      | elagabalus the Gargoyle Fighter began the quest for the
                  | Orb.
     0 | D:1      | Reached XP level 1. HP: 14/14 MP: 1/1
   133 | D:1      | Reached XP level 2. HP: 19/19 MP: 2/2
   177 | D:1      | Reached skill level 3 in Maces & Flails
   289 | D:1      | Reached XP level 3. HP: 10/23 MP: 3/3
   462 | D:1      | Found a faded altar of an unknown god.
   794 | D:2      | Found a hide-covered altar of Uskayaw.
   853 | D:2      | Reached XP level 4. HP: 27/29 MP: 4/4
   884 | D:2      | Noticed Robin
   933 | D:2      | Killed Robin
  1098 | D:2      | Reached XP level 5. HP: 19/33 MP: 5/5
  1482 | D:3      | Reached skill level 4 in Maces & Flails
  1779 | D:3      | Reached XP level 6. HP: 26/38 MP: 6/6
  1783 | D:3      | Noticed an ice beast
  1858 | D:4      | Found a glowing golden altar of the Shining One.
  1881 | D:4      | Reached skill level 5 in Maces & Flails
  1930 | D:4      | Found a runed translucent door.
  1932 | D:4      | Noticed Atlas's ghost (amateur DjAE)
  1964 | D:4      | Killed Atlas's ghost
  1965 | D:4      | Reached skill level 6 in Maces & Flails
  2054 | D:4      | Reached XP level 7. HP: 12/43 MP: 7/7
  2230 | D:4      | HP: 1/43 [gnoll (6)]
  2230 | D:4      | Slain by an orc

Illustrated notes

Levels and vault maps discovered:
D:1:      scummos_arrival_simple_fountains, layout_basic,
          shapermc_ecumenical_altar_gd, minmay_pentomino_t4
D:2:      layout_rooms, basic_altar, minmay_misc_feat_rows,
          columned_hall_lemuel, uniq_robin
D:3:      layout_loops_ring, gammafunk_temple_overflow_pools,
          skrybe_limestone_x, minmay_joined_circles
D:4:      layout_cave_pools, kennysheep_mini_moat,
          nicolae_wu_jian_immortal_techniques, temple_doors_ab,
          hellmonk_ghost_happy_afterlife, minmay_checkerbox

Skill      XL: |  1  2  3  4  5  6 |
---------------+-------------------+-----
Maces & Flails | 3 4 6 |  6.4
Shields        | 4 |  4.0
Fighting       | 4 |  4.0
Armour         | 4 |  4.0

Action                   |  1- 3 |  4- 6 |  7- 9 || total
-------------------------+-------+-------+-------++-------
Melee: Flail             |   101 |       |       ||   101
       Whip              |    27 |   310 |    62 ||   399
  Use: Scroll            |     4 |     3 |     1 ||     8
       Potion            |       |     1 |       ||     1
Armor: Scale mail        |    68 |   114 |       ||   182
       Chain mail        |       |    29 |    63 ||    92
Dodge: Dodged            |    43 |    62 |    22 ||   127
Block: Kite shield       |    50 |   146 |    55 ||   251

Table legend: (Time is in decaauts)
 A = Elapsed time spent in this place.
 B = Non-inter-level travel time spent in this place.
 C = Inter-level travel time spent in this place.
 D = Time resting spent in this place.
 E = Time spent auto-exploring this place.
 F = Levels seen in this place.
 G = Mean time per level.
                   A        B        C        D        E       F      G
               +--------+--------+--------+--------+--------+-----+--------+
         Total |   2319 |   1083 |   1236 |      0 |      8 |   4 |  579.8 |
       Dungeon |   2319 |   1083 |   1236 |      0 |      8 |   4 |  579.8 |
               +--------+--------+--------+--------+--------+-----+--------+

Top non-repeatable levels by time:
     D:1: 773 daAuts
     D:2: 724 daAuts
     D:4: 432 daAuts
     D:3: 388 daAuts
